 Dungeon Crawl Stone Soup version 0.32-a0-996-gb3226c233f (webtiles) character file.

Game seed: 2464843444576681699

109414 Revguard the Demonic Aeon (level 16, -16/126 HPs)
             Began as a Demonspawn Fighter on Apr 23, 2024.
             Was the Champion of Cheibriados.
             Demolished by a radroach (17 damage)
             ... on level 1 of the Spider Nest.
             The game lasted 01:09:09 (19803 turns).

Revguard the Demonic Aeon (Demonspawn Fighter)     Turns: 19803, Time: 01:09:11

Health: -16/126    AC: 11    Str: 38    XL:     16   Next: 4%
Magic:  0/26       EV: 19    Int: 28    God:    Cheibriados [******]
Gold:   2384       SH:  0    Dex: 26    Spells: 15/15 levels left

rFire   + + +        s - +5 broad axe (flame)
rCold   . . .        K - +0 kite shield
rNeg    . . .        c - +1 troll leather armour
rPois   .            w - +0 helmet of the Pleiades {-Tele rF+++ Str-5 Int+3}
rElec   .            f - +0 cloak
rCorr   .            M - +1 Delatra's gloves {ID++}
SInv    .            T - +1 pair of boots "Tylick" {Str+5 Dex-2 Slay+2}
Will    +....        O - amulet of regeneration
Stlth   +            z - +4 ring of protection
HPRegen 2.01/turn    m - +4 ring of slaying
MPRegen 0.40/turn

%: no teleportation, guardian spirit
@: confused, lethally poisoned (-16 -> -16), ambrosia-drunk, corroded, slowed,
very slow
A: demonic guardian 3, magic shield, magic regeneration, magic link, sharp
scales 2, weakness stinger 2
a: Renounce Religion, Bend Time, Temporal Distortion, Slouch, Step From Time


You were on level 1 of the Spider Nest.
You worshipped Cheibriados.
Cheibriados was exalted by your worship.
You visited 5 branches of the dungeon, and saw 24 of its levels.
You also visited: Sewer and Volcano.

You collected 4055 gold pieces.
You spent 1671 gold pieces at shops.

Inventory:

Hand Weapons
 s - a +5 broad axe of flaming (weapon)
 J - a +0 broad axe
Missiles
 i - 3 throwing nets (quivered)
Armour
 c - a +1 troll leather armour (worn)
 f - a +0 cloak (worn)
 w - the +0 helmet of the Pleiades (worn) {-Tele rF+++ Str-5 Int+3}
   (You acquired it on level 6 of the Dungeon)

   Str-5:     It affects your strength (-5).
   Int+3:     It affects your intelligence (+3).
   rF+++:     It renders you almost immune to fire.
   -Tele:     It prevents most forms of teleportation.
 K - a +0 kite shield (worn)
 M - the +1 Delatra's gloves (worn) {ID++}
   (You found it on level 7 of the Dungeon)

   ID++:      It heals its wearer when they drink unknown potions, and restores
   their MP when they read unknown scrolls.
 T - the +1 pair of boots "Tylick" (worn) {Str+5 Dex-2 Slay+2}
   (You found it on level 11 of the Dungeon)

   Str+5:     It affects your strength (+5).
   Dex-2:     It affects your dexterity (-2).
   Slay+2:    It affects your accuracy & damage with ranged weapons and melee
   (+2).
Jewellery
 g - a ring of willpower
 m - a +4 ring of slaying (right hand)
 n - a ring of flight
 z - a +4 ring of protection (left hand)
 D - a +5 ring of evasion
 O - an amulet of regeneration (around neck)
 Q - a ring of protection from fire
Wands
 a - a wand of acid (13)
 b - a wand of flame (45)
 p - a wand of charming (13)
 u - a wand of mindburst (16)
 E - a wand of polymorph (3)
 I - a wand of warping (9)
Scrolls
 h - 5 scrolls of amnesia
 j - a scroll of brand weapon {unknown}
 k - 13 scrolls of teleportation
 o - 4 scrolls of silence
 r - 2 scrolls of noise
 y - 5 scrolls of identify
 A - 7 scrolls of fog
 C - 5 scrolls of poison
 H - a scroll of immolation
 L - 2 scrolls of blinking
 P - 2 scrolls of vulnerability
 V - a scroll of torment
Potions
 d - 9 potions of might
 e - 6 potions of enlightenment
 l - 3 potions of invisibility
 t - 3 potions of brilliance
 v - 3 potions of attraction
 x - 4 potions of lignification
 B - 7 potions of heal wounds
 G - 3 potions of magic
 N - 3 potions of mutation
 R - a potion of resistance
 S - 2 potions of berserk rage
 U - 5 potions of curing
 W - a potion of cancellation
Miscellaneous
 q - a phantom mirror


   Skills:
 + Level 11.6 Fighting
 + Level 11.7 Axes
 + Level 10.3 Armour
 + Level 9.9 Dodging
 + Level 11.7 Shields
 + Level 13.7 Invocations
 + Level 10.7 Evocations


You had 15 spell levels left.
You didn't know any spells.
Your spell library contained the following spells:

 Spells                   Type           Power      Damage    Failure   Level
 Slow                     Hex            0%         N/A       17%         1
 Ensorcelled Hibernation  Hex/Ice        0%         N/A       26%         2
 Mercury Vapours          Alch/Air       0%         N/A       26%         2
 Confusing Touch          Hex            0%         N/A       45%         3
 Frozen Ramparts          Ice            0%         1d1       45%         3
 Mephitic Cloud           Conj/Alch/Air  0%         N/A       45%         3
 Ozocubu's Armour         Ice            0%         N/A       45%         3
 Summon Ice Beast         Ice/Summ       0%         N/A       45%         3
 Vampiric Draining        Necr           0%         2d6       45%         3
 Ignite Poison            Fire/Alch      0%         N/A       86%         4
 Olgreb's Toxic Radiance  Alch           0%         N/A       86%         4
 Sticky Flame             Fire/Alch      0%         2d4       86%         4
 Freezing Cloud           Conj/Ice/Air   0%         6-21      99%         5
 Metabolic Englaciation   Hex/Ice        0%         N/A       99%         5
 Summon Forest            Summ/Tloc      0%         N/A       99%         5
 Summon Mana Viper        Hex/Summ       0%         N/A       99%         5
 Summon Cactus Giant      Summ           0%         N/A       100%        6
 Ignition                 Fire           0%         3d3       100%        8


Dungeon Overview and Level Annotations

Branches:
Dungeon (15/15)            Temple (1/1) D:7            Lair (5/5) D:9
 Shoals (0/4) Lair:2       Spider (1/4) Lair:2        Slime (0/5) Lair:4
    Orc (2/2) D:9             Elf (0/3) Orc:2        Vaults (0/5) D:14
 Depths (0/4) D:15          Sewer (visited)         Volcano (visited)

Altars:
Ashenzari
Cheibriados
Dithmenos
Fedhas
Gozag
Hepliaklqana
Kikubaaqudgha
Makhleb
Nemelex Xobeh
Okawaru
Qazlal
Ru
Sif Muna
Trog
Uskayaw
Vehumet
Wu Jian
Xom
Yredelemnul
Jiyva

Shops:
D:7 :   D:9 (!=(   D:13 (   Orc:1 *   Orc:2 !![*

Annotations:
Temple 2 transporters


Innate Abilities, Weirdness & Mutations

A powerful demonic guardian rushes to your aid.
When hurt, damage is shared between your health and your magic reserves.
You regenerate magic rapidly.
When low on magic, you restore magic in place of health.
You are mostly covered in razor-sharp scales. (AC +2, Slay +2)
You have a tail ending in a sharp stinger.


Message History

Something hits you but does no damage.
Something stings you but does no damage.
The demonic crawler hits you! x2; The demonic crawler closely misses you.
You don't have enough magic at the moment.
You hit the radroach. You burn the radroach. You tail-slap the radroach.
The radroach is heavily wounded.
You slash the demonic crawler! You burn the demonic crawler. You hit something.
You burn something.
You feel sick. Something misses you. Something hits you!
Something barely misses you. You block the radroach's attack. x2
The demonic crawler misses you. The demonic crawler hits you!
The demonic crawler misses you. Something misses you.
Something closely misses you. Something completely misses you.
The radroach bites you!
* * * LOW HITPOINT WARNING * * *
You block the radroach's attack. The demonic crawler hits you!
* * * LOW HITPOINT WARNING * * *
A demonic guardian appears!
The demonic crawler hits you.
* * * LOW HITPOINT WARNING * * *
The demonic crawler barely misses you.
It was a potion of ambrosia.
You are confused.
You feel invigorated.
The energy of discovery flows from your fingertips!
You feel much better.
You feel sick.
A wolf spider comes into view.
The spark wasp stings you!
* * * LOW HITPOINT WARNING * * *
The spark wasp shocks you!
* * * LOW HITPOINT WARNING * * *
The demonic crawler hits you but does no damage.
The demonic crawler completely misses you.
The demonic crawler hits you.
* * * LOW HITPOINT WARNING * * *
Something hits you!!
* * * LOW HITPOINT WARNING * * *
Something hits you but does no damage. Something stings you.
* * * LOW HITPOINT WARNING * * *
The radroach bites you!!
You die...
Cheibriados appreciates the motionlessness of death.

#### ...#####
.s.............
.......###..............
>.......................
........................
....................%...
.......)..........†.....
####...........ys.....#
................@Bw...#
.....................##
..#........#^...2^..##
..#.^##....#...^.......
..#..#.....#...........#
..#.##....##....).......
..###.....#.........####
#.# #.....##..........
### .....##...........


You could see a radroach, a spark wasp, a torpor snail (ally target), a demonic
crawler, a wolf spider (wandering) and a friendly lorocyproca (summoned,
invisible).

Vanquished Creatures
  The ghost of flt the Warrior, a journeyman OnWn of Beogh (Lair:5)
  The ghost of P0WERM0DE the Fighter, a journeyman CoCK of Cheibriados (D:11)
  A dire elephant (D:15)
  Azrael (D:15)
  Josephine (Orc:2)
  2 entropy weavers (Spider:1)
  A fire dragon (D:14)
  5 hydras
  4 catoblepae
  3 two-headed ogres
  6 boulder beetles
  Erica (D:11)
  5 centaur warriors
  7 death yaks (Lair:5)
  2 tengu warriors (D:14)
  6 hell knights
  Nergalle (Lair:1)
  Sonja (Lair:1)
  A salamander mystic (D:15)
  Lodul (D:13)
  A necromancer (D:13)
  A spectral wolf spider (D:11)
  An obsidian bat (Orc:1)
  A wolf spider (Spider:1)
  2 orc sorcerers (Orc:2)
  3 ugly things
  5 orc knights
  10 manticores
  4 cyclopes
  7 elephants
  6 kobold blastminers
  3 spectral centaurs (D:11)
  A moth of wrath (Spider:1)
  2 black mambas
  A centaur zombie (D:11)
  2 gargoyles (D:11)
  2 molten gargoyles (Volcano)
  8 cane toads
  A kobold demonologist (D:13)
  6 komodo dragons
  8 yaktaurs
  5 rime drakes
  The ghost of whodunnit the Digger, a novice OpEE of Vehumet (D:5)
  5 efreet
  A tengu conjurer (D:14)
  6 trolls
  5 polar bears
  A wind drake (Lair:2)
  8 jumping spiders
  Grinder (D:4)
  A hornet (D:8)
  2 tarantellas (Spider:1)
  32 blink frogs
  4 slime creatures (D:9)
  Sigmund (D:3)
  2 shadows
  6 hogs (D:14)
  2 culicivoras (Lair:2)
  10 wraiths
  79 yaks
  A vampire (D:10)
  3 fire elementals (D:15)
  2 fire bats (Volcano)
  A steam dragon (D:9)
  5 wyverns
  4 wargs
  5 basilisks
  16 humans (D:14)
  8 vampire mosquitoes
  7 redbacks
  10 water moccasins
  2 acid dragons
  10 hell hounds
  A meliai simulacrum (D:11)
  30 orc warriors
  6 ice beasts
  A sky beast (D:7)
  3 black bears
  2 laughing skulls (D:15)
  2 crocodiles (Sewer)
  18 wolves
  13 ogres
  15 centaurs
  3 kobold brigands
  2 gnoll sergeants
  4 scorpions
  8 bullfrogs
  6 wights
  5 killer bees (D:8)
  6 howler monkeys
  A vampire bat (D:3)
  3 bombardier beetles
  7 lava snakes (Volcano)
  5 hounds
  2 jellies (D:5)
  4 orc priests
  An iguana (D:6)
  2 sleepcaps
  13 orc wizards
  6 hell rats (Lair:2)
  A sickly merfolk siren (Sewer)
  A malarious merfolk avatar (Sewer)
  Robin (D:4)
  18 gnolls
  15 adders
  3 river rats
  2 shadow imps
  3 ufetubi (D:6)
  3 ribbon worms
  A dart slug (D:3)
  48 orcs
  14 ball pythons
  7 bats
  A bat skeleton (D:3)
  4 bat zombies (D:3)
  8 endoplasms
  3 giant cockroaches
  11 goblins
  15 hobgoblins
  5 jackals
  12 kobolds
  9 quokkas
  7 frilled lizards
  29 rats
  A butterfly (Lair:1)
763 creatures vanquished.

Vanquished Creatures (collateral kills)
  Kirke (D:13)
  An emperor scorpion (D:15)
  A necromancer (D:13)
  3 ugly things (D:14)
  A yak (Lair:4)
  A wyvern (D:9)
  A wraith (D:9)
  2 hell hounds (D:13)
  An orc warrior (Orc:2)
  3 wolves
  A centaur (D:9)
  2 wights (D:7)
  2 orc priests
  An adder (D:6)
  An orc (Orc:2)
  A kobold (D:6)
23 creatures vanquished.

Vanquished Creatures (others)
  A hog (D:14)
  7 spectral weapons
8 creatures vanquished.

Grand Total: 794 creatures vanquished

Notes
Turn   | Place    | Note
-------+----------+-------------------------------------------
     0 | D:1      | Revguard the Demonspawn Fighter began the quest for the
                  | Orb.
     0 | D:1      | Reached XP level 1. HP: 18/18 MP: 1/1
   303 | D:1      | Gained mutation: You regenerate magic rapidly. [demonic
                  | ancestry]
   303 | D:1      | Reached XP level 2. HP: 24/24 MP: 2/2
  1141 | D:2      | Gained mutation: You have a small tail. [demonic ancestry]
  1141 | D:2      | Reached XP level 3. HP: 29/29 MP: 3/3
  1351 | D:2      | Reached skill level 1 in Invocations
  1421 | D:2      | Gained mutation: A weak demonic guardian rushes to your
                  | aid. [demonic ancestry]
  1421 | D:2      | Reached XP level 4. HP: 35/35 MP: 4/4
  1444 | D:2      | Found a faded altar of an unknown god.
  1692 | D:2      | Reached skill level 1 in Dodging
  1697 | D:2      | Reached skill level 1 in Evocations
  2225 | D:3      | Found a glowing drain.
  2237 | Sewer    | Entered a sewer
  2269 | Sewer    | Reached XP level 5. HP: 41/41 MP: 6/6
  2314 | Sewer    | Noticed a crocodile
  2330 | Sewer    | Killed a crocodile
  2339 | Sewer    | Reached skill level 2 in Invocations
  2538 | Sewer    | Reached XP level 6. HP: 48/48 MP: 7/7
  2829 | D:3      | Noticed Sigmund
  2836 | D:3      | Killed Sigmund
  2837 | D:3      | Gained mutation: You have a tail ending in a sharp stinger.
                  | [demonic ancestry]
  2837 | D:3      | Reached XP level 7. HP: 49/54 MP: 7/9
  2853 | D:3      | Found an ancient bone altar of Kikubaaqudgha.
  2911 | D:3      | Found a shimmering altar of Xom.
  2938 | D:3      | Reached skill level 3 in Invocations
  3330 | D:3      | Found a sacrificial altar of Ru.
  3679 | D:4      | Found an ornate altar of the Wu Jian Council.
  3682 | D:4      | Noticed Grinder
  3693 | D:4      | Killed Grinder
  3694 | D:4      | Gained mutation: When hurt, damage is shared between your
                  | health and your magic reserves. [demonic ancestry]
  3694 | D:4      | Reached XP level 8. HP: 33/61 MP: 10/10
  3819 | D:4      | Noticed Robin
  3838 | D:4      | Killed Robin
  3851 | D:4      | Got Sif Muna's Encyclopedia of Hiemal Cohobation
  4033 | D:4      | Found a broken altar of Ashenzari.
  4275 | D:5      | Entered Level 5 of the Dungeon
  4280 | D:5      | Reached skill level 5 in Shields
  4551 | D:5      | Reached skill level 4 in Invocations
  4552 | D:5      | Found a runed translucent gate.
  4553 | D:5      | Found a runed translucent gate.
  4553 | D:5      | Noticed whodunnit's ghost (novice OpEE)
  4714 | D:5      | Identified the +2 hand axe "Nots" {spect, rPois Dex+4}
  4725 | D:5      | Found a runed translucent gate.
  4830 | D:5      | Killed whodunnit's ghost
  4831 | D:5      | Reached skill level 5 in Axes
  4838 | D:5      | Reached skill level 5 in Fighting
  4843 | D:5      | Gained mutation: When low on magic, you restore magic in
                  | place of health. [demonic ancestry]
  4843 | D:5      | Reached XP level 9. HP: 15/68 MP: 4/12
  5928 | D:6      | Reached skill level 5 in Invocations
  6028 | D:6      | Found a shimmering blue altar of Sif Muna.
  6306 | D:6      | Identified a scroll of acquirement
  6308 | D:6      | Acquired the +0 helmet of the Pleiades {-Tele rF+++ Str-5
                  | Int+3}
  6613 | D:7      | Found the +1 Delatra's gloves {ID++}
  6705 | D:7      | Found a staircase to the Ecumenical Temple.
  6714 | Temple   | Found a transporter.
  6714 | Temple   | Found a transporter.
  6714 | Temple   | Found a transporter.
  6714 | Temple   | Found a transporter.
  6714 | Temple   | Entered the Ecumenical Temple
  6733 | Temple   | Became a worshipper of Cheibriados the Contemplative
  6910 | D:7      | Reached * piety under Cheibriados
  7013 | D:7      | Found Heodyuch's Book Emporium.
  7317 | D:8      | Reached skill level 5 in Armour
  7318 | D:8      | Reached skill level 6 in Invocations
  7318 | D:8      | Gained mutation: A demonic guardian rushes to your aid.
                  | [demonic ancestry]
  7318 | D:8      | Reached XP level 10. HP: 47/76 MP: 4/14
  7356 | D:8      | Reached ** piety under Cheibriados
  7668 | D:8      | Identified the +5 long sword of Lasacvuth {vamp, Dex+5}
  7863 | D:9      | Found Xaan's Distillery.
  7873 | D:9      | Found Xauciov's Antique Weapon Shop.
  7894 | D:9      | Bought a potion of mutation for 96 gold pieces
  7894 | D:9      | Bought a potion of curing for 36 gold pieces
  7907 | D:9      | Found a staircase to the Orcish Mines.
  7937 | D:9      | Reached skill level 5 in Evocations
  7947 | D:9      | Reached *** piety under Cheibriados
  7951 | D:9      | Reached skill level 5 in Dodging
  7951 | D:9      | Reached skill level 7 in Invocations
  7960 | D:9      | Reached XP level 11. HP: 58/83 MP: 8/16
  8144 | D:9      | Found a staircase to the Lair.
  8293 | D:9      | Found a hazy altar of Hepliaklqana.
  8355 | D:9      | Found Xiusello's Jewellery Shoppe.
  8387 | D:9      | Found Jiczeido's Weapon Emporium.
  8456 | D:10     | Entered Level 10 of the Dungeon
  8553 | D:10     | Reached **** piety under Cheibriados
  8694 | D:10     | Found an opulent altar of Gozag.
  8798 | D:10     | You fall into a shaft and drop 2 floors!
  8799 | D:12     | Noticed a cyan ugly thing
  8872 | D:10     | Reached skill level 8 in Invocations
  9097 | D:11     | Found a runed translucent gate.
  9102 | D:11     | Found a runed translucent gate.
  9103 | D:11     | Found a runed translucent gate.
  9105 | D:11     | Noticed P0WERM0DE's ghost (journeyman CoCK)
  9199 | D:11     | Killed P0WERM0DE's ghost
  9209 | D:11     | Gained mutation: You are partially covered in razor-sharp
                  | scales. (AC +1, Slay +1) [demonic ancestry]
  9209 | D:11     | Reached XP level 12. HP: 82/85 MP: 18/18
  9217 | D:11     | Identified the +1 pair of boots "Tylick" {Str+5 Dex-2
                  | Slay+2}
  9259 | D:11     | Noticed a boulder beetle
  9269 | D:11     | Killed a boulder beetle
  9657 | D:11     | Reached ***** piety under Cheibriados
  9767 | D:11     | Noticed Erica
  9772 | D:11     | Killed Erica
  9833 | D:12     | Reached skill level 9 in Invocations
 10007 | D:12     | Noticed a two-headed ogre
 10014 | D:12     | Killed a two-headed ogre
 10327 | D:13     | Found Houth's Antique Weapon Boutique.
 10357 | D:13     | Noticed a five-headed hydra
 10367 | D:13     | Killed a five-headed hydra
 10378 | D:13     | Noticed a catoblepas
 10393 | D:13     | Killed a catoblepas
 10565 | D:13     | Noticed a boulder beetle
 10581 | D:13     | Killed a boulder beetle
 10930 | D:13     | Noticed Lodul
 10935 | D:13     | Killed Lodul
 11204 | D:13     | Noticed a centaur warrior
 11211 | D:13     | Killed a centaur warrior
 11630 | D:13     | Reached skill level 10 in Invocations
 11630 | D:13     | Reached XP level 13. HP: 89/99 MP: 18/20
 11673 | D:13     | HP: 7/147 [hell knight/bolt of fire (6)]
 11675 | D:13     | HP: 3/142 [hell knight/+3 glaive of draining (2)]
 11681 | D:13     | HP: 2/132 [hell knight/+3 glaive of draining (12)]
 11840 | D:14     | Found a gate to the Vaults.
 11847 | D:14     | Reached skill level 10 in Shields
 12246 | D:14     | Noticed Kirke
 12396 | D:13     | Killed Kirke
 12397 | D:13     | Reached skill level 10 in Axes
 12448 | D:14     | Reached skill level 11 in Invocations
 12541 | D:14     | Noticed a fire dragon
 12552 | D:14     | Killed a fire dragon
 12923 | D:15     | Entered Level 15 of the Dungeon
 12940 | D:15     | Noticed an emperor scorpion
 12947 | D:15     | Noticed a dire elephant
 12952 | D:15     | Killed an emperor scorpion
 12960 | D:15     | Killed a dire elephant
 12961 | D:15     | Reached XP level 14. HP: 26/109 MP: 14/22
 13007 | D:15     | Found a staircase to the Depths.
 13081 | D:15     | Noticed Azrael
 13094 | D:15     | Killed Azrael
 13743 | Lair:1   | Entered Level 1 of the Lair of Beasts
 13803 | Lair:1   | Reached skill level 10 in Fighting
 14147 | Lair:1   | Noticed Sonja
 14151 | Lair:1   | Killed Sonja
 14165 | Lair:1   | Noticed Nergalle
 14171 | Lair:1   | Killed Nergalle
 14648 | Lair:2   | Found a staircase to the Shoals.
 14738 | Lair:2   | Reached ****** piety under Cheibriados
 14827 | Lair:2   | Reached skill level 12 in Invocations
 15241 | Lair:2   | Found a hole to the Spider Nest.
 16614 | Lair:4   | Found a viscous altar of Jiyva.
 16614 | Lair:4   | Found a staircase to the Slime Pits.
 16815 | Lair:5   | Entered Level 5 of the Lair of Beasts
 16825 | Lair:5   | Gained mutation: A powerful demonic guardian rushes to your
                  | aid. [demonic ancestry]
 16825 | Lair:5   | Reached XP level 15. HP: 104/117 MP: 24/24
 16839 | Lair:5   | Acquired 953 gold pieces
 16854 | Lair:5   | Found a dark tunnel.
 16860 | Volcano  | Entered a volcano
 17126 | Volcano  | Found a radiant altar of Vehumet.
 17378 | Lair:5   | Found a runed translucent gate.
 17378 | Lair:5   | Found a runed translucent gate.
 17378 | Lair:5   | Found a runed translucent gate.
 17382 | Lair:5   | Noticed flt's ghost (journeyman OnWn)
 17404 | Lair:5   | Killed flt's ghost
 17405 | Lair:5   | Reached skill level 10 in Evocations
 17749 | Lair:5   | Reached skill level 13 in Invocations
 18407 | Orc:1    | Entered Level 1 of the Orcish Mines
 18422 | Orc:1    | Reached skill level 10 in Armour
 18528 | Orc:2    | Entered Level 2 of the Orcish Mines
 18532 | Orc:2    | Paralysed by an orc sorcerer for 4 turns
 18581 | Orc:2    | Noticed Josephine
 18588 | Orc:2    | Killed Josephine
 18604 | Orc:2    | Found a staircase to the Elven Halls.
 19041 | Orc:2    | Found Xaeng's Distillery.
 19041 | Orc:2    | Found Jegeerr's Armour Boutique.
 19043 | Orc:2    | Found Ekext's Assorted Antiques.
 19045 | Orc:2    | Found Teytez's Distillery.
 19049 | Orc:2    | Bought a potion of curing for 48 gold pieces
 19049 | Orc:2    | Bought a potion of curing for 48 gold pieces
 19049 | Orc:2    | Bought a potion of invisibility for 128 gold pieces
 19049 | Orc:2    | Bought a potion of magic for 128 gold pieces
 19049 | Orc:2    | Bought a potion of heal wounds for 80 gold pieces
 19049 | Orc:2    | Bought a potion of curing for 48 gold pieces
 19049 | Orc:2    | Bought 2 potions of mutation for 256 gold pieces
 19057 | Orc:2    | Bought a potion of curing for 48 gold pieces
 19057 | Orc:2    | Bought a potion of curing for 48 gold pieces
 19057 | Orc:2    | Bought a potion of invisibility for 128 gold pieces
 19057 | Orc:2    | Bought a potion of heal wounds for 80 gold pieces
 19057 | Orc:2    | Bought a potion of cancellation for 128 gold pieces
 19057 | Orc:2    | Bought a potion of heal wounds for 80 gold pieces
 19297 | Orc:1    | Found Befouhausch's Assorted Antiques.
 19308 | Orc:1    | Bought a wand of mindburst (8) for 291 gold pieces
 19671 | Spider:1 | Entered Level 1 of the Spider Nest
 19687 | Spider:1 | Gained mutation: You are mostly covered in razor-sharp
                  | scales. (AC +2, Slay +2) [demonic ancestry]
 19687 | Spider:1 | Reached XP level 16. HP: 31/126 MP: 12/26
 19803 | Spider:1 | HP: 3/126 [something (15)]
 19803 | Spider:1 | HP: 1/126 [something (2)]
 19803 | Spider:1 | Demolished by a radroach

Illustrated notes

Levels and vault maps discovered:
D:1:      ebering_hopf_link, layout_basic, ebering_dispersal_statue_hall
D:2:      layout_basic, shapermc_ecumenical_altar_totnotflames
D:3:      layout_basic, kennysheep_vampire_church,
          mainiacjoe_overflow_tiny_flanked, amethyst_overflow_temple_binary,
          portal_sewer_entry_e, st_stairs_13, chequers_serial_rivers_small_b,
          eino_tiny_chamber, corexii_leaking_fountain, kennysheep_donut,
          minmay_between, uniq_sigmund
D:4:      layout_loops_ring, mainiacjoe_overflow_large_starburst, uniq_robin,
          uniq_grinder
D:5:      layout_basic, gammafunk_ghost_split, kennysheep_opposing_triangles
D:6:      layout_cave_pods, nicolae_sif_muna_condensation,
          kennysheep_generic_room_8
D:7:      cheibrodos_helix_gallery, layout_gridville,
          minmay_temple_entry_poolview, serial_shops, nicolae_shop_peninsula,
          serial_library_regret_index_branch_corner
D:8:      layout_rooms
D:9:      layout_cross, worldfamousw_hep_ancestral_shrine,
          hellmonk_lair_entry_icy, orc_0_dummy, serial_shops, shop, shop, shop,
          nicolae_shop_tiny_statue_garden
D:10:     layout_rooms, mainiacjoe_overflow_24_doors
D:11:     layout_stronghold, gammafunk_ghost_necromancy,
          minmay_misc_feat_pillars, uniq_erica
D:12:     layout_gridville
D:13:     layout_layer_cave, serial_shops, shop, minmay_rotating_lava,
          uniq_lodul
D:14:     layout_grid_maze, david_vaults_3, uniq_kirke
D:15:     hangedman_depths_entry_try_elsewhere_first, layout_irregular_city,
          nicolae_the_louvre, uniq_azrael
Temple:   hellmonk_temple_divided_pantheon
Lair:1:   layout_cave_pods, pdpol_lair_neglected_garden, lemuel_fruit_fields,
          uniq_nergalle, uniq_sonja
Lair:2:   layout_chaotic_city, minmay_shoals_entry_beasts,
          nicolae_spider_entry_tight_spaces
Lair:3:   layout_long_grid, infiniplex_staircase_pool_2
Lair:4:   layout_misc_corridors, dpeg_slime_entry_enclosed
Lair:5:   evilmike_catoblepas_cave, layout_cave_pods,
          nicolae_volcano_entry_hallway, gammafunk_ghost_split, minivault_24
Spider:1: layout_spider_delve, nicolae_spider_scorpion_nest, uniq_frances
Orc:1:    layout_diamond_mine, portal_ice_cave_entry_animals_and_master,
          serial_shops, shop
Orc:2:    st_orc_rangers, layout_caves, uniq_josephine

Skill      XL: |  1  2  3  4  5  6  7  8  9 10 11 12 13 14 15 |
---------------+----------------------------------------------+-----
Axes           | 2 3 4 5 6 7 8 9 10 11 | 11.7
Shields        | 3 4 5 6 7 8 9 10 11 | 11.7
Invocations    | 1 2 3 4 6 7 8 10 11 12 13 | 13.7
Dodging        | 1 2 3 4 5 6 7 8 9 |  9.9
Evocations     | 1 2 3 4 5 6 7 8 9 10 | 10.7
Armour         | 3 4 5 6 7 8 9 10 | 10.3
Fighting       | 4 5 6 7 8 9 10 11 | 11.6

Action                     |  1- 3 |  4- 6 |  7- 9 | 10-12 | 13-15 | 16-18 || total
---------------------------+-------+-------+-------+-------+-------+-------++-------
  Melee: War axe           |   115 |   143 |   148 |       |       |       ||   406
         Tailslap          |     3 |    14 |    52 |   111 |   133 |     4 ||   317
         Hand axe          |       |       |   144 |   476 |    19 |       ||   639
         Broad axe         |       |       |       |       |   650 |    11 ||   661
         Unarmed           |       |       |       |       |     5 |       ||     5
 Invoke: Bend Time         |       |       |       |     1 |       |       ||     1
         Slouch            |       |       |       |     1 |     6 |     1 ||     8
  Evoke: Wand              |       |       |     1 |    14 |     6 |       ||    21
    Use: Scroll            |       |     4 |     6 |     6 |     5 |       ||    21
         Potion            |       |     3 |     1 |     4 |    19 |     1 ||    28
   Stab: Distracted        |       |       |       |     8 |     5 |       ||    13
         Sleeping          |       |       |       |     2 |     6 |       ||     8
         Petrifying        |       |       |       |       |     1 |       ||     1
 Armour: Scale mail        |    75 |       |       |       |       |       ||    75
         Plate armour      |    25 |   136 |   278 |    85 |       |       ||   524
         Troll leather arm |       |       |       |   206 |   493 |    32 ||   731
         Skin              |       |       |       |       |    35 |       ||    35
  Dodge: Dodged            |    37 |    40 |    89 |   221 |   541 |    31 ||   959
  Block: Buckler           |    27 |    37 |   124 |    55 |       |       ||   243
         Kite shield       |       |       |       |   243 |   723 |    23 ||   989

Table legend: (Time is in decaauts)
 A = Elapsed time spent in this place.
 B = Non-inter-level travel time spent in this place.
 C = Inter-level travel time spent in this place.
 D = Time resting spent in this place.
 E = Time spent auto-exploring this place.
 F = Levels seen in this place.
 G = Mean time per level.
                   A        B        C        D        E       F      G
               +--------+--------+--------+--------+--------+-----+--------+
         Total |  29111 |  27517 |   1594 |    689 |  21199 |  26 | 1119.7 |
       Dungeon |  17364 |  16488 |    876 |    606 |  12508 |  15 | 1157.6 |
        Temple |     66 |     66 |      0 |      0 |      0 |   1 |   66.0 |
          Lair |   8003 |   7511 |    492 |      0 |   6326 |   5 | 1600.6 |
   Spider Nest |    180 |    180 |      0 |     59 |     61 |   1 |  180.0 |
  Orcish Mines |   2094 |   1869 |    225 |     24 |   1431 |   2 | 1047.0 |
         Sewer |    570 |    570 |      0 |      0 |    315 |   1 |  570.0 |
       Volcano |    831 |    831 |      0 |      0 |    557 |   1 |  831.0 |
               +--------+--------+--------+--------+--------+-----+--------+

Top non-repeatable levels by time:
    D:13: 2689 daAuts
  Lair:5: 1955 daAuts
  Lair:1: 1714 daAuts
  Lair:2: 1699 daAuts
    D:14: 1613 daAuts
  Lair:3: 1392 daAuts
    D:11: 1344 daAuts
   Orc:2: 1298 daAuts
     D:5: 1290 daAuts
    D:15: 1265 daAuts
  Lair:4: 1241 daAuts
     D:1: 1152 daAuts
     D:2: 1007 daAuts
     D:7: 964 daAuts
    D:12: 938 daAuts
